BLB
PITTSBURGH MILLERS @ WILMINGTON WILDCATS
04/23/2060
 
TOP OF THE 1ST
Pittsburgh Millers batting - Pitching for Wilmington Wildcats : RHP Kevin Tickles
Pitching: RHP Kevin Tickles
Batting: LHB Byron Carlton 0-0: Ball
1-0: Called Strike
1-1: Swinging Strike
1-2: Ball
2-2: Foul Ball, location: 2F
2-2: Strikes out looking
Batting: RHB Isaac Pack 0-0: Ball
1-0: Ball
2-0: Swinging Strike
2-1: Swinging Strike
2-2: Ground out U3 (Groundball, 3, EV 106.9 MPH)
Pitching: RHP Cole Good
Batting: RHB LaMark Canete 0-0: Foul Ball, location: 2F
0-1: Ball
1-1: Ball
2-1: SOLO HOME RUN (Flyball, 7D, EV 99.4 MPH), Distance : 401 ft
Batting: RHB Colton Coffin 0-0: Ball
1-0: SINGLE (Groundball, P, EV 92.5 MPH) (infield hit)
Batting: RHB Seth Laskie 0-0: Ball
1-0: Ball
2-0: Fly out, F4 (Line Drive, 4, EV 70.0 MPH)
Top of the 1st over - 1 run, 2 hits, 0 errors, 1 left on base; Pittsburgh 1 - Wilmington 0
BOTTOM OF THE 1ST
Wilmington Wildcats batting - Pitching for Pittsburgh Millers : RHP Justice Michael
Pitching: RHP Justice Michael
Batting: RHB Evan Yanko 0-0: Ball
1-0: Foul Ball, location: 2F
1-1: Called Strike
1-2: Strikes out swinging
Batting: LHB Dorsey Cahue 0-0: Ball
1-0: Called Strike
1-1: Ball
2-1: Foul Ball, location: 2F
2-2: Ball
3-2: Base on Balls
Batting: RHB Julian Ludin 0-0: Ball
1-0: Ball
2-0: Grounds into double play, 5-4-3 (Groundball, 56, EV 103.1 MPH)
Bottom of the 1st over - 0 runs, 0 hits, 0 errors, 0 left on base; Pittsburgh 1 - Wilmington 0
TOP OF THE 2ND
Pittsburgh Millers batting - Pitching for Wilmington Wildcats : RHP Cole Good
Batting: RHB William Adkins 0-0: Ball
1-0: Swinging Strike
1-1: Swinging Strike
1-2: Foul Ball, location: 2F
1-2: Ball
2-2: Ball
3-2: Ground out 3-1 (Groundball, 34, EV 83.8 MPH)
Batting: RHB Tevin Hawkins 0-0: Ball
1-0: Ball
2-0: Called Strike
2-1: Ball
3-1: Swinging Strike
3-2: Foul Ball, location: 2F
3-2: Fly out, F9 (Line Drive, 9LM, EV 88.8 MPH)
Batting: RHB Jeremy Knowlton 0-0: Called Strike
0-1: Ball
1-1: Called Strike
1-2: DOUBLE (Line Drive, 3D, EV 109.4 MPH)
Batting: RHB Conner Wilson 0-0: Ball
1-0: Ball
2-0: Foul Ball, location: 2F
2-1: SINGLE (Groundball, 6MD, EV 96.2 MPH)
Jeremy Knowlton to third
Runner from 3rd tries for Home, SAFE, throw by CF to home
Batting: LHB Byron Carlton 0-0: Called Strike
Conner Wilson steals 2nd base (no throw)
0-1: Ball
1-1: Fly out, F8 (Flyball, 78D, EV 87.5 MPH)
Top of the 2nd over - 1 run, 2 hits, 0 errors, 1 left on base; Pittsburgh 2 - Wilmington 0
BOTTOM OF THE 2ND
Wilmington Wildcats batting - Pitching for Pittsburgh Millers : RHP Justice Michael
Batting: LHB James Munsie 0-0: Ball
1-0: Foul Ball, location: 2F
1-1: Called Strike
1-2: Ball
2-2: Ball
3-2: Fly out, F4 (Flyball, 34D, EV 81.9 MPH)
Batting: RHB Jeremy Dillingham 0-0: Foul Ball, location: 2F
0-1: DOUBLE (Flyball, 8RXD, EV 114.4 MPH)
Batting: LHB Sean Gallina 0-0: Called Strike
0-1: Called Strike
0-2: Strikes out swinging
Batting: RHB Julian Crews 0-0: Called Strike
0-1: Foul Ball, location: 2F
0-2: Ball
Wild Pitch!
Jeremy Dillingham to third
1-2: Foul Ball, location: 2F
1-2: Ball
2-2: Strikes out looking
Bottom of the 2nd over - 0 runs, 1 hit, 0 errors, 1 left on base; Pittsburgh 2 - Wilmington 0
TOP OF THE 3RD
Pittsburgh Millers batting - Pitching for Wilmington Wildcats : RHP Cole Good
Batting: RHB Isaac Pack 0-0: Called Strike
0-1: Foul Ball, location: 2F
0-2: Strikes out swinging
Batting: RHB LaMark Canete 0-0: Called Strike
0-1: Called Strike
0-2: Ball
1-2: Foul Ball, location: 2F
1-2: Ball
2-2: Ground out 4-3 (Groundball, 4M, EV 91.2 MPH)
Batting: RHB Colton Coffin 0-0: Called Strike
0-1: Ball
1-1: Swinging Strike
1-2: Strikes out swinging
Top of the 3rd over - 0 runs, 0 hits, 0 errors, 0 left on base; Pittsburgh 2 - Wilmington 0
BOTTOM OF THE 3RD
Wilmington Wildcats batting - Pitching for Pittsburgh Millers : RHP Justice Michael
Batting: LHB Greg Selser 0-0: Fly out, F9 (Flyball, 9LSF, EV 85.0 MPH)
Batting: RHB Lucas Shultz 0-0: Ball
1-0: Swinging Strike
1-1: Ball
2-1: Ball
3-1: Ground out 4-3 (Groundball, 4, EV 81.2 MPH)
Batting: RHB Evan Yanko 0-0: Ball
1-0: DOUBLE (Flyball, 8RXD, EV 102.5 MPH)
Batting: LHB Dorsey Cahue 0-0: Ball
1-0: Ground out 5-3 (Groundball, 5, EV 85.6 MPH)
Bottom of the 3rd over - 0 runs, 1 hit, 0 errors, 1 left on base; Pittsburgh 2 - Wilmington 0
TOP OF THE 4TH
Pittsburgh Millers batting - Pitching for Wilmington Wildcats : RHP Cole Good
Batting: RHB Seth Laskie 0-0: Ball
1-0: Foul Ball, location: 2F
1-1: Swinging Strike
1-2: Strikes out swinging
Batting: RHB William Adkins 0-0: Ball
1-0: Foul Ball, location: 2F
1-1: Swinging Strike
1-2: Ball
2-2: Ball
3-2: Base on Balls
Pitching: RHP Abel Harreld
Batting: RHB Tevin Hawkins 0-0: Ball
1-0: Foul Ball, location: 2F
1-1: Grounds into double play, 1-6-3 (Groundball, 34S, EV 73.8 MPH)
Top of the 4th over - 0 runs, 0 hits, 0 errors, 0 left on base; Pittsburgh 2 - Wilmington 0
BOTTOM OF THE 4TH
Wilmington Wildcats batting - Pitching for Pittsburgh Millers : RHP Justice Michael
Batting: RHB Julian Ludin 0-0: Ball
1-0: Ball
2-0: Ball
3-0: Base on Balls
Batting: LHB James Munsie 0-0: Called Strike
0-1: Foul Ball, location: 2F
0-2: Ball
1-2: Strikes out looking
Batting: RHB Jeremy Dillingham 0-0: Foul Ball, location: 2F
0-1: Ball
1-1: Ball
2-1: Fly out, F7 (Flyball, 7D, EV 98.1 MPH)
Batting: LHB Sean Gallina 0-0: Ball
1-0: Ball
2-0: Ball
3-0: Base on Balls
Julian Ludin to second
Batting: RHB Julian Crews 0-0: Swinging Strike
0-1: Foul Ball, location: 2F
0-2: Ball
1-2: Strikes out swinging
Bottom of the 4th over - 0 runs, 0 hits, 0 errors, 2 left on base; Pittsburgh 2 - Wilmington 0
TOP OF THE 5TH
Pittsburgh Millers batting - Pitching for Wilmington Wildcats : RHP Abel Harreld
Batting: RHB Jeremy Knowlton 0-0: Ball
1-0: Called Strike
1-1: Swinging Strike
1-2: Strikes out looking
Batting: RHB Conner Wilson 0-0: Called Strike
0-1: Swinging Strike
0-2: Strikes out swinging
Batting: LHB Byron Carlton 0-0: Ball
1-0: Called Strike
1-1: Called Strike
1-2: Ball
2-2: Strikes out swinging
Top of the 5th over - 0 runs, 0 hits, 0 errors, 0 left on base; Pittsburgh 2 - Wilmington 0
BOTTOM OF THE 5TH
Wilmington Wildcats batting - Pitching for Pittsburgh Millers : RHP Justice Michael
Batting: LHB Greg Selser 0-0: Ball
1-0: Foul Ball, location: 2F
1-1: Foul Ball, location: 2F
1-2: Ball
2-2: Strikes out swinging
Batting: RHB Lucas Shultz 0-0: Ball
1-0: Swinging Strike
1-1: Ball
2-1: Fly out, F9 (Flyball, 89M, EV 89.4 MPH)
Batting: RHB Evan Yanko 0-0: Swinging Strike
0-1: Ball
1-1: Fly out, F7 (Line Drive, 7, EV 108.1 MPH)
Bottom of the 5th over - 0 runs, 0 hits, 0 errors, 0 left on base; Pittsburgh 2 - Wilmington 0
TOP OF THE 6TH
Pittsburgh Millers batting - Pitching for Wilmington Wildcats : RHP Abel Harreld
Batting: RHB Isaac Pack 0-0: Called Strike
0-1: Foul Ball, location: 2F
0-2: Ball
1-2: Ground out 1-3 (Groundball, 15S, EV 74.4 MPH)
Batting: RHB LaMark Canete 0-0: Swinging Strike
0-1: Foul Ball, location: 2F
0-2: Foul Ball, location: 2F
0-2: Foul Ball, location: 2F
0-2: Ball
1-2: Foul Ball, location: 2F
1-2: Strikes out swinging
Batting: RHB Colton Coffin 0-0: Ball
1-0: Called Strike
1-1: Ball
2-1: Foul Ball, location: 2F
2-2: Strikes out swinging
Top of the 6th over - 0 runs, 0 hits, 0 errors, 0 left on base; Pittsburgh 2 - Wilmington 0
BOTTOM OF THE 6TH
Wilmington Wildcats batting - Pitching for Pittsburgh Millers : RHP Justice Michael
Batting: LHB Dorsey Cahue 0-0: SINGLE (Groundball, 5L, EV 101.9 MPH) (infield hit)
Batting: RHB Julian Ludin 0-0: Ball
1-0: Ball
Dorsey Cahue steals 2nd base (no throw)
2-0: Called Strike
2-1: Ground out 6-3 (Groundball, 6, EV 103.8 MPH)
Batting: LHB James Munsie 0-0: Swinging Strike
0-1: Swinging Strike
0-2: Strikes out looking
Batting: RHB Jeremy Dillingham 0-0: Ball
1-0: SINGLE (Groundball, 56, EV 109.4 MPH)
Dorsey Cahue to third
Runner from 3rd tries for Home, SAFE, throw by LF to home
Batting: LHB Sean Gallina 0-0: Ball
1-0: Ball
Wild Pitch!
Jeremy Dillingham to second
2-0: Fly out, F9 (Flyball, 89M, EV 85.0 MPH)
Bottom of the 6th over - 1 run, 2 hits, 0 errors, 1 left on base; Pittsburgh 2 - Wilmington 1
TOP OF THE 7TH
Pittsburgh Millers batting - Pitching for Wilmington Wildcats : RHP Abel Harreld
Batting: RHB Seth Laskie 0-0: Called Strike
0-1: Ball
1-1: Ball
2-1: Called Strike
2-2: Strikes out swinging
Pitching: LHP Casey Piper
Batting: RHB William Adkins 0-0: Ball
1-0: Foul Ball, location: 2F
1-1: Foul Ball, location: 2F
1-2: Ground out 4-3 (Groundball, 4, EV 108.1 MPH)
Batting: RHB Tevin Hawkins 0-0: Swinging Strike
0-1: Swinging Strike
0-2: Ball
1-2: Ball
2-2: Strikes out swinging
Top of the 7th over - 0 runs, 0 hits, 0 errors, 0 left on base; Pittsburgh 2 - Wilmington 1
BOTTOM OF THE 7TH
Wilmington Wildcats batting - Pitching for Pittsburgh Millers : RHP Justice Michael
Pitching: LHP Dakarai Johnson
Batting: RHB Julian Crews 0-0: Ball
1-0: Ball
2-0: Ball
3-0: Called Strike
3-1: Called Strike
3-2: Foul Ball, location: 2F
3-2: Strikes out looking
Batting: LHB Greg Selser 0-0: Swinging Strike
0-1: Foul Ball, location: 2F
0-2: Foul Ball, location: 2F
0-2: Ball
1-2: Strikes out looking
Batting: RHB Lucas Shultz 0-0: Ball
1-0: Ball
2-0: Ground out 1-3 (Groundball, 13S, EV 74.4 MPH)
Bottom of the 7th over - 0 runs, 0 hits, 0 errors, 0 left on base; Pittsburgh 2 - Wilmington 1
TOP OF THE 8TH
Pittsburgh Millers batting - Pitching for Wilmington Wildcats : LHP Casey Piper
Batting: RHB Jeremy Knowlton 0-0: Called Strike
0-1: Ball
1-1: Swinging Strike
1-2: Strikes out swinging
Batting: RHB Conner Wilson 0-0: Called Strike
0-1: SINGLE (Groundball, 25, EV 73.1 MPH) (infield hit)
Batting: LHB Byron Carlton 0-0: Ball
1-0: Foul Ball, location: 2F
1-1: Called Strike
1-2: Foul Ball, location: 2F
1-2: Fly out, F8 (Flyball, 8RM, EV 83.8 MPH)
Batting: RHB Isaac Pack 0-0: Ball
1-0: Ball
2-0: Ball
Conner Wilson is caught stealing 2nd base 2-4
Top of the 8th over - 0 runs, 1 hit, 0 errors, 0 left on base; Pittsburgh 2 - Wilmington 1
BOTTOM OF THE 8TH
Wilmington Wildcats batting - Pitching for Pittsburgh Millers : LHP Dakarai Johnson
Pitching: LHP Garry Fanalua
Batting: RHB Evan Yanko 0-0: Foul Ball, location: 2F
0-1: Ball
1-1: Swinging Strike
1-2: Fly out, F9 (Flyball, 89D, EV 94.4 MPH)
Batting: LHB Dorsey Cahue 0-0: Ball
1-0: Ground out 4-3 (Groundball, 4, EV 86.9 MPH)
Batting: RHB Julian Ludin 0-0: Swinging Strike
0-1: Foul Ball, location: 2F
0-2: Ball
1-2: Foul Ball, location: 2F
1-2: SINGLE (Flyball, 8RS, EV 93.8 MPH)
Batting: RHB Shawn Gunn 0-0: Ball
1-0: Ball
2-0: Ball
Julian Ludin steals 2nd, throwing error, E2
Julian Ludin to third
3-0: Called Strike
3-1: Called Strike
3-2: Strikes out looking
Bottom of the 8th over - 0 runs, 1 hit, 1 error, 1 left on base; Pittsburgh 2 - Wilmington 1
TOP OF THE 9TH
Pittsburgh Millers batting - Pitching for Wilmington Wildcats : LHP Casey Piper
Batting: RHB Isaac Pack 0-0: Called Strike
0-1: Ball
1-1: Ball
2-1: Ball
3-1: Base on Balls
Pitching: RHP Dillon Vossen
Batting: RHB LaMark Canete 0-0: Ball
1-0: Ball
2-0: Called Strike
2-1: SINGLE (Flyball, 78D, EV 111.9 MPH)
Isaac Pack to second
Runner from 2nd tries for 3rd, OUT! 7-5
LaMark Canete to second
Batting: RHB Colton Coffin 0-0: Intentional Walk
Batting: RHB Seth Laskie 0-0: Called Strike
0-1: Ball
1-1: Fielders Choice at 2nd, 3-6 (Groundball, 34, EV 85.0 MPH)
LaMark Canete to third
Batting: RHB William Adkins 0-0: Called Strike
Seth Laskie steals 2nd, throwing error, E2
LaMark Canete scores
Seth Laskie to third
0-1: Foul Ball, location: 2F
0-2: Foul Ball, location: 2F
0-2: Ground out 5-3 (Groundball, 5, EV 86.2 MPH)
Top of the 9th over - 1 run, 1 hit, 1 error, 1 left on base; Pittsburgh 3 - Wilmington 1
BOTTOM OF THE 9TH
Wilmington Wildcats batting - Pitching for Pittsburgh Millers : LHP Garry Fanalua
Batting: RHB Jeremy Dillingham 0-0: Called Strike
0-1: Ground out 5-3 (Groundball, 56S, EV 88.8 MPH)
Batting: LHB Sean Gallina 0-0: Called Strike
0-1: Called Strike
0-2: DOUBLE (Line Drive, 7LM, EV 104.4 MPH)
Batting: RHB Julian Crews 0-0: Called Strike
0-1: Ball
1-1: Foul Ball, location: 2F
1-2: Strikes out swinging
Pinch Hitting: RHB Shabazz Smith 0-0: Called Strike
0-1: Ball
1-1: 2-RUN HOME RUN (Flyball, 7D, EV 95.0 MPH), Distance : 374 ft
Batting: RHB Lucas Shultz 0-0: Swinging Strike
0-1: Ball
1-1: Swinging Strike
1-2: Ball
2-2: Strikes out swinging
Bottom of the 9th over - 2 runs, 2 hits, 0 errors, 0 left on base; Pittsburgh 3 - Wilmington 3
TOP OF THE 10TH
Pittsburgh Millers batting - Pitching for Wilmington Wildcats : RHP Dillon Vossen
Now in LF: Richard Crutchfield
Now in RF: Sean Gallina
Batting: RHB Tevin Hawkins 0-0: Ball
1-0: Ball
2-0: Fly out, F6 (Popup, 6S, EV 76.2 MPH)
Batting: RHB Jeremy Knowlton 0-0: Fly out, F9 (Flyball, 9LM, EV 87.5 MPH)
Batting: RHB Conner Wilson 0-0: Called Strike
0-1: Swinging Strike
0-2: Ball
1-2: Foul Ball, location: 2F
1-2: SINGLE (Line Drive, 78S, EV 105.6 MPH)
Batting: LHB Byron Carlton 0-0: Called Strike
0-1: Ball
1-1: Ball
2-1: Fly out, F9 (Line Drive, 9S, EV 100.6 MPH)
Top of the 10th over - 0 runs, 1 hit, 0 errors, 1 left on base; Pittsburgh 3 - Wilmington 3
BOTTOM OF THE 10TH
Wilmington Wildcats batting - Pitching for Pittsburgh Millers : LHP Garry Fanalua
Pitching: RHP Whitney Harris
Batting: RHB Evan Yanko 0-0: Foul Ball, location: 2F
0-1: Ground out 1-3 (Groundball, 13S, EV 69.4 MPH)
Batting: LHB Dorsey Cahue 0-0: Called Strike
0-1: Ball
1-1: Called Strike
1-2: Foul Ball, location: 2F
1-2: Foul Ball, location: 2F
1-2: DOUBLE (Groundball, 3L, EV 104.4 MPH)
Batting: RHB Julian Ludin 0-0: Ball
1-0: Foul Ball, location: 2F
1-1: Called Strike
1-2: Foul Ball, location: 2F
1-2: Ball
2-2: Ground out 5-3 (Groundball, 5L, EV 98.1 MPH)
Batting: RHB Shawn Gunn 0-0: Foul Ball, location: 2F
0-1: Foul Ball, location: 2F
0-2: Ball
1-2: Ball
2-2: Strikes out looking
Bottom of the 10th over - 0 runs, 1 hit, 0 errors, 1 left on base; Pittsburgh 3 - Wilmington 3
TOP OF THE 11TH
Pittsburgh Millers batting - Pitching for Wilmington Wildcats : RHP Dillon Vossen
Pitching: RHP Riley Boland
Batting: RHB Isaac Pack 0-0: Foul Ball, location: 2F
0-1: Foul Ball, location: 2F
0-2: Foul Ball, location: 2F
0-2: Foul Ball, location: 2F
0-2: Ball
1-2: Foul Ball, location: 2F
1-2: Foul Ball, location: 2F
1-2: Ball
2-2: Strikes out swinging
Batting: RHB LaMark Canete 0-0: SINGLE (Line Drive, 4D, EV 99.4 MPH)
Batting: RHB Colton Coffin 0-0: Ball
1-0: Ball
2-0: Ball
3-0: Called Strike
3-1: Called Strike
3-2: Foul Ball, location: 2F
3-2: Strikes out swinging
Batting: RHB Seth Laskie 0-0: Ball
1-0: Ball
2-0: Ball
3-0: Called Strike
3-1: Base on Balls
LaMark Canete to second
Pitching: LHP Luke Chantry
Batting: RHB William Adkins 0-0: Called Strike
0-1: Foul Ball, location: 2F
0-2: Ball
1-2: Strikes out swinging
Top of the 11th over - 0 runs, 1 hit, 0 errors, 2 left on base; Pittsburgh 3 - Wilmington 3
BOTTOM OF THE 11TH
Wilmington Wildcats batting - Pitching for Pittsburgh Millers : RHP Whitney Harris
Batting: RHB Jeremy Dillingham 0-0: Fly out, F9 (Line Drive, 9S, EV 105.6 MPH)
Batting: LHB Sean Gallina 0-0: Ball
1-0: SOLO HOME RUN (Flyball, 89XD, EV 106.2 MPH), Distance : 403 ft
Bottom of the 11th over - 1 run, 1 hit, 0 errors, 0 left on base; Pittsburgh 3 - Wilmington 4
Monday, April 29th , 2024 - OOTP Baseball 23.10 Build 110